 Dungeon Crawl Stone Soup version 0.25-a0-667-gb977e01cb5 (webtiles) character file.

Game seed: 14497239233772993675, levelgen mode: deterministic

2294 ReteAZ the Grappler (level 9, -1/78 HPs)
             Began as a Ghoul Fighter on Mar 27, 2020.
             Was an Initiate of Makhleb.
             Slain by Harold
             ... wielding a +3 battleaxe of electrocution
              (17 damage)
             ... on level 8 of the Dungeon.
             The game lasted 00:08:12 (5818 turns).

ReteAZ the Grappler (Ghoul Fighter)                 Turns: 5818, Time: 00:08:12

Health: -1/78      AC:  7    Str: 22    XL:     9   Next: 40%
Magic:  8/8        EV:  8    Int:  8    God:    Makhleb [......]
Gold:   433        SH: 10    Dex:  8    Spells: 8/8 levels left

rFire    + . .     SeeInvis +     - Unarmed
rCold    + . .     Gourm    .   b - +0 kite shield
rNeg     + + +     Faith    .   r - +1 ring mail {rF+}
rPois    ∞         Spirit   .   (no helmet)
rElec    .         Reflect  .   (no cloak)
rCorr    .         Harm     .   (no gloves)
MR       .....                  (no boots)
Stlth    ..........             (no amulet)
HPRegen  0.00/turn              g - ring of see invisible
MPRegen  0.11/turn              y - +4 ring of intelligence

@: mighty, marked, rotting
A: rotting body, claws 1, carnivore, cold resistance 1, negative energy
resistance 3, inhibited regeneration, torment resistance, unbreathing
a: Renounce Religion


You were on level 8 of the Dungeon.
You worshipped Makhleb.
Makhleb was noncommittal.
You were not hungry.

You visited 2 branches of the dungeon, and saw 9 of its levels.

You collected 433 gold pieces.

Inventory:

Hand Weapons
 x - a +1 whip of electrocution
Missiles
 A - 8 javelins
 C - 6 boomerangs (quivered)
Armour
 a - a +0 scale mail
 b - a +0 kite shield (worn)
 l - a +0 chain mail
 r - a +1 ring mail of fire resistance (worn)
 D - a +0 plate armour
Jewellery
 g - a ring of see invisible (left claw)
 y - a +4 ring of intelligence (right claw)
Wands
 o - a wand of acid (10)
Scrolls
 e - 2 scrolls of magic mapping {unknown}
 f - a scroll of random uselessness {unknown}
 j - 7 scrolls of remove curse
 m - 4 scrolls of identify {unknown}
 n - 4 scrolls of teleportation {unknown}
 q - 4 scrolls of enchant weapon {unknown}
 s - 2 scrolls of enchant armour {unknown}
 v - a scroll of fear {unknown}
 E - a scroll of noise {unknown}
Potions
 c - a potion of might
 h - 2 potions of curing {unknown}
 i - a potion of heal wounds {unknown}
 k - 6 potions of degeneration {unknown}
 p - 5 potions of mutation {unknown}
 t - a potion of brilliance {unknown}
 u - a potion of haste {unknown}
 w - a potion of cancellation {unknown}
 z - a potion of ambrosia {unknown}
 B - a potion of lignification {unknown}
 F - a potion of flight {unknown}
Comestibles
 d - 14 rations
 G - 5 chunks of flesh


   Skills:
 + Level 6.8 Fighting
 + Level 5.6 Armour
 + Level 5.7 Shields
 * Level 8.8 Unarmed Combat


You had 8 spell levels left.
You didn't know any spells.
Your spell library contained the following spells:

 Spells                   Type           Power        Failure   Level  Hunger
 Sting                    Tmut/Pois      #...         92%         1    ##.....
 Poisonous Vapours        Pois/Air       #.....       98%         2    ###....
 Ignite Poison            Fire/Tmut/Pois #.......     100%        3    ####...
 Mephitic Cloud           Conj/Pois/Air  #.......     100%        3    ####...
 Olgreb's Toxic Radiance  Pois           #.......     100%        4    #####..


Dungeon Overview and Level Annotations

Branches:
Dungeon (8/15)             Temple (1/1) D:6
   Lair: D:8-11

Altars:
Ashenzari
Dithmenos
Kikubaaqudgha
Makhleb
Qazlal
Ru
Sif Muna
Trog

Shops:
D:5 [

Annotations:
D:7 1 runed translucent door, 1 exclusion, Crazy Yiuf
D:8 Harold


Innate Abilities, Weirdness & Mutations

Your body is rotting away.
You thrive on raw meat.
You are immune to poison.
You have sharp fingernails.
You are carnivorous and can eat meat at any time.
Your flesh is cold resistant. (rC+)
You are immune to negative energy. (rN+++)
You do not regenerate when monsters are visible.
You are immune to unholy pain and torment.
You can survive without breathing.


Message History

* * * LOW HITPOINT WARNING * * *
Evoke which item? (* to show all) (? for menu, Esc to quit)
Aiming: Corrosive Bolt
Press: ? - help, Shift-Dir - straight line, f/p - Harold
Aim: Harold, wielding a +3 battleaxe of electrocution, wearing a +1 chain mail of magic resistance and quivering 3 throwing nets (heavily wounded)
The bolt of acid misses Harold.
The howler monkey hoots and howls with incredible vigour!
An orc comes into view. It is wielding a +0 dagger.
You block the howler monkey's attack.
Evoke which item? (* to show all) (? for menu, Esc to quit)
Aiming: Corrosive Bolt
Press: ? - help, Shift-Dir - straight line, f/p - Harold
Aim: Harold, wielding a +3 battleaxe of electrocution, wearing a +1 chain mail of magic resistance and quivering 3 throwing nets (heavily wounded)
The bolt of acid hits Harold!
Harold is splashed with acid.
The acid corrodes Harold!
Harold is severely wounded.
Harold hits you with a +3 battleaxe of electrocution.
* * * LOW HITPOINT WARNING * * *
You are electrocuted!
You die...

...#####..#####...<#
#.# #..## #....# #.#
###...####<.#.>
#)####...........##.
#.##....P...PP.### #
##.!......#....#.#
####.=.##..)###...# )
.........h.............
.######$##@P...........
#.###@##.._..##.# #.#
#F#.......# ...
..######### #.###.. ###
o# .. ..


You could see Harold, a bullfrog, a howler monkey and an orc.

Vanquished Creatures
  Pikel (D:7)
  Joseph (D:7)
  Psyche (D:8)
  An orc warrior (D:4)
  2 slaves (D:6)
  A centaur (D:7)
  2 bullfrogs
  2 scorpions
  3 killer bees (D:7)
  2 howler monkeys
  2 crimson imps
  A jelly (D:7)
  2 orc priests
  2 hounds
  2 bullfrog skeletons
  A gnoll shaman (D:4)
  3 orc wizards
  An iguana (D:7)
  2 worker ants
  A hound zombie (D:6)
  3 gnolls (D:4)
  5 adders
  An ooze (D:4)
  4 worms
  2 dart slugs
  5 leopard geckos
  17 orcs
  9 bats
  8 giant cockroaches
  12 goblins
  11 hobgoblins
  7 jackals
  9 kobolds
  A quokka (D:4)
  A ball python (D:3)
  3 frilled lizards
  A jackal skeleton (D:4)
  5 rats
137 creatures vanquished.

Vanquished Creatures (others)
  A slave (D:7)
1 creature vanquished.

Grand Total: 138 creatures vanquished

Notes
Turn   | Place    | Note
-------+----------+-------------------------------------------
     0 | D:1      | ReteAZ the Ghoul Fighter began the quest for the Orb.
     0 | D:1      | Reached XP level 1. HP: 19/19 MP: 0/0
    37 | D:1      | Reached XP level 2. HP: 25/25 MP: 1/1
   185 | D:1      | Reached XP level 3. HP: 25/31 MP: 2/2
   224 | D:1      | Reached skill level 3 in Unarmed Combat
   955 | D:2      | Reached XP level 4. HP: 38/38 MP: 3/3
  2091 | D:3      | Found a shadowy altar of Dithmenos.
  2105 | D:3      | Reached XP level 5. HP: 43/46 MP: 4/4
  2309 | D:4      | Reached skill level 4 in Unarmed Combat
  2383 | D:4      | Found a stormy altar of Qazlal.
  2523 | D:4      | Reached XP level 6. HP: 36/53 MP: 5/5
  2885 | D:4      | Reached skill level 5 in Unarmed Combat
  3022 | D:4      | Noticed an orc warrior
  3067 | D:4      | Killed an orc warrior
  3067 | D:4      | Reached XP level 7. HP: 54/60 MP: 6/6
  3284 | D:5      | Entered Level 5 of the Dungeon
  3685 | D:5      | Found Nufid's Armour Shoppe.
  3751 | D:6      | Reached skill level 5 in Fighting
  3864 | D:6      | Reached skill level 6 in Unarmed Combat
  4061 | D:6      | Found a staircase to the Ecumenical Temple.
  4076 | Temple   | Entered the Ecumenical Temple
  4111 | Temple   | Became a worshipper of Makhleb the Destroyer
  4663 | D:7      | Reached XP level 8. HP: 38/68 MP: 7/7
  4750 | D:7      | Reached skill level 7 in Unarmed Combat
  4852 | D:7      | Noticed Pikel
  4882 | D:7      | Killed Pikel
  4882 | D:7      | Reached skill level 5 in Armour
  4882 | D:7      | Reached skill level 5 in Shields
  5157 | D:7      | Found a shimmering blue altar of Sif Muna.
  5324 | D:7      | Noticed Joseph
  5334 | D:7      | Killed Joseph
  5334 | D:7      | Reached skill level 8 in Unarmed Combat
  5334 | D:7      | Reached XP level 9. HP: 61/78 MP: 8/8
  5517 | D:7      | Found a runed translucent door.
  5518 | D:7      | Noticed Crazy Yiuf
  5753 | D:8      | Found an ancient bone altar of Kikubaaqudgha.
  5783 | D:8      | Noticed Psyche
  5789 | D:8      | Killed Psyche
  5810 | D:8      | Noticed Harold
  5818 | D:8      | Slain by Harold

Levels and vault maps discovered:
D:1:      minmay_arrival_up_and_down, layout_loops_cross,
          palyth_stone_intersect, minmay_tetromino_l2
D:2:      layout_loops_ring
D:3:      layout_loops_corners, old_standard_altar, first_ration,
          minmay_box_of_dots
D:4:      layout_loops_ring, lemuel_crystal_altar
D:5:      layout_rooms, serial_shops, shop
D:6:      layout_layer_cave, minmay_temple_entry_grid, minmay_misc_feat_roman
D:7:      layout_basic, led_sif_book, uniq_joseph, uniq_crazy_yiuf_cottage,
          uniq_pikel
D:8:      layout_loops_ring, kiku_gazebo_garden_becter, lair_entry_dummy,
          uniq_maurice, uniq_psyche, uniq_harold
Temple:   bh_familiar_temple

Skill      XL: |  1  2  3  4  5  6  7  8 |
---------------+-------------------------+-----
Unarmed Combat | 3 4 5 6 8 |  8.8
Shields        | 3 4 5 |  5.7
Armour         | 3 4 5 |  5.6
Fighting       | 4 5 6 |  6.8

Action                   |  1- 3 |  4- 6 |  7- 9 || total
-------------------------+-------+-------+-------++-------
Melee: Unarmed           |   138 |   261 |   196 ||   595
Throw: Boomerang         |       |       |     5 ||     5
Evoke: Wand              |       |     1 |     7 ||     8
  Use: Scroll            |       |       |     1 ||     1
       Potion            |       |       |     1 ||     1
  Eat: Chunk             |     8 |    23 |    21 ||    52
Armor: Scale mail        |    51 |       |       ||    51
       Chain mail        |    15 |    21 |       ||    36
       Ring mail         |       |    49 |    43 ||    92
Dodge: Dodged            |    38 |    58 |    47 ||   143
Block: Kite shield       |    69 |    74 |    72 ||   215

Table legend:
 A = Non-vault XP
 B = Vault XP
 C = Vault XP percentage of total XP
 D = Non-vault monster count
 E = Vault monster count
 F = Vault count percentage of total count
                 A         B        C        D         E       F
            +---------+---------+-------+---------+---------+-------
      Total |    1861 |    1417 |  43.2 |     130 |       5 |   3.7
            +---------+---------+-------+---------+---------+-------
        D:1 |      55 |       2 |   3.5 |      34 |       1 |   2.9
        D:2 |      44 |       0 |   0.0 |      11 |       0 |   0.0
        D:3 |      68 |       1 |   1.4 |      29 |       1 |   3.3
        D:4 |     638 |       0 |   0.0 |      29 |       0 |   0.0
        D:5 |      13 |       0 |   0.0 |       1 |       0 |   0.0
        D:6 |     334 |       0 |   0.0 |      11 |       0 |   0.0
        D:7 |     559 |     990 |  63.9 |      13 |       2 |  13.3
        D:8 |     150 |     424 |  73.9 |       2 |       1 |  33.3
            +---------+---------+-------+---------+---------+-------
